 Dungeon Crawl Stone Soup version 0.24-a0-361-g57161393b2 (webtiles) character file.

Game seed: 3606829477680762682

1410224 Flugkiller the Slayer (level 27, 217/217 HPs)
             Began as a Human Earth Elementalist on May 25, 2019.
             Was the Champion of Kikubaaqudgha.
             Escaped with the Orb
             ... and 3 runes on May 26, 2019!
             The game lasted 05:00:25 (109482 turns).

Flugkiller the Slayer (Human Earth Elementalist)  Turns: 109482, Time: 05:00:25

Health: 217/217    AC: 19    Str: 10    XL:     27
Magic:  36/36      EV: 29    Int: 26    God:    Kikubaaqudgha [******]
Gold:   6707       SH: 17    Dex: 18    Spells: 0/54 levels left

rFire    + + .     SeeInvis .   h - +9 rapier (speed)
rCold    + + .     Gourm    .   X - +4 shield {rC+ rF+}
rNeg     . . .     Faith    +   t - +2 robe {Archmagi}
rPois    +         Spirit   .   Z - +2 hat {MR+}
rElec    +         Reflect  .   T - +2 cloak {MR+}
rCorr    +         Harm     .   W - +2 pair of gloves {Dex+3}
MR       ++++.                  u - +2 pair of boots of Entitlement {+Blink rElec rPois rCorr}
Stlth    +.........             m - amulet of faith
HPRegen  0.46/turn              M - ring of protection from cold
MPRegen  0.25/turn              C - ring of Moodiness {rPois rF+ Stlth+}

@: deflect missiles
A: hooves 1, slimy green scales 1, thin metallic scales 1, frail 1, low mp 1,
poison resistance
0: Orb of Zot
}: 3/15 runes: decaying, serpentine, slimy
a: Receive Corpses, Torment, Renounce Religion, Evoke Blink


You escaped.
You worshipped Kikubaaqudgha.
Kikubaaqudgha was exalted by your worship.
You were not hungry.

You visited 11 branches of the dungeon, and saw 54 of its levels.
You visited 1 bazaar.
You also visited: Trove, Ossuary, Ice Cave and Volcano.

You collected 7467 gold pieces.
You spent 760 gold pieces at shops.

Inventory:

Hand Weapons
 h - a +9 rapier of speed (weapon)
   (You took it off a deep elf demonologist on level 3 of the Elven Halls)
 B - a +9 quick blade of pain
   (You subdued it on level 2 of the Elven Halls)
Missiles
 b - 1231 stones (quivered)
 N - 5 throwing nets
Armour
 t - a +2 robe of the Archmagi (worn)
   (You took it off Jessica on level 3 of the Dungeon)
 u - the +2 pair of boots of Entitlement (worn) {+Blink rElec rPois rCorr}
   (You found it in a treasure trove)

   It insulates you from electricity.
   It protects you from poison.
   It lets you blink.
   It provides partial protection from all sources of acid and corrosion.
 T - a +2 cloak of magic resistance (worn)
   (You took it off Nikola on level 3 of the Swamp)
 W - a +2 pair of gloves of dexterity (worn)
   (You found it in a treasure trove)
 X - a +4 shield of resistance (worn)
   (You took it off a tengu warrior on level 4 of the Depths)
 Z - a +2 hat of magic resistance (worn)
   (You found it on level 2 of the Vaults)
Jewellery
 m - an amulet of faith (around neck)
   (You found it on level 1 of the Dungeon)
 v - the ring "Nuific" {Ice Int+5 SInv}
   (You acquired it on level 3 of the Lair of Beasts)

   [ring of ice]

   It enhances your ice magic.
   It affects your intelligence (+5).
   It makes you vulnerable to fire.
   It protects you from cold.
   It lets you see invisible.
 C - the ring of Moodiness (right hand) {rPois rF+ Stlth+}
   (You took it off a deep elf blademaster on level 3 of the Elven Halls)

   [ring of poison resistance]

   It protects you from fire.
   It protects you from poison.
   It makes you more stealthy.
 M - a ring of protection from cold (left hand)
   (You found it in an ice cave)
Wands
 a - a wand of acid (22)
   (You found it on level 2 of the Lair of Beasts)
 n - a wand of flame (92)
   (You took it off Maurice on level 10 of the Dungeon)
 w - a wand of iceblast (17)
   (You took it off Pikel on level 4 of the Dungeon)
 x - a wand of enslavement (24)
   (You found it on level 4 of the Dungeon)
 y - a wand of clouds (8)
   (You bought it in a shop on level 4 of the Dungeon)
 z - a wand of paralysis (25)
   (You found it on level 2 of the Lair of Beasts)
 F - a wand of scattershot (9)
   (You found it on level 3 of the Depths)
 P - a wand of digging (7)
   (You found it on level 2 of the Depths)
 R - a wand of disintegration (38)
   (You found it on level 3 of the Swamp)
Scrolls
 e - a scroll of brand weapon
 g - 21 scrolls of teleportation
 k - 5 scrolls of vulnerability
 o - 6 scrolls of fear
 p - 21 scrolls of remove curse
 r - a scroll of immolation
 G - 3 scrolls of fog
 H - a scroll of blinking
 I - 4 scrolls of magic mapping
 U - 2 scrolls of summoning
 V - 10 scrolls of identify
Potions
 d - a potion of resistance
 i - 12 potions of lignification
 j - 4 potions of brilliance
 l - 4 potions of mutation
 q - a potion of haste
 s - 5 potions of invisibility
 A - 5 potions of agility
 D - 15 potions of curing
 E - 2 potions of magic
 J - 3 potions of ambrosia
 K - 5 potions of might
 L - 3 potions of cancellation
 Q - 3 potions of heal wounds
 Y - 6 potions of berserk rage
Miscellaneous
 O - a phial of floods
   (You found it on level 2 of the Lair of Beasts)
 S - 4 phantom mirrors
Comestibles
 c - 21 rations


   Skills:
 + Level 25.0 Fighting
 - Level 8.0 Short Blades
 - Level 20.1 Dodging
 - Level 2.0 Stealth
 - Level 15.0 Shields
 - Level 14.0 Spellcasting
 - Level 10.0 Conjurations
 - Level 9.3 Charms
 - Level 15.0 Necromancy
 - Level 1.1 Translocations
 - Level 3.0 Transmutations
 - Level 7.0 Ice Magic
 - Level 9.3 Air Magic
 - Level 20.0 Earth Magic
 - Level 5.2 Evocations


You couldn't memorise any spells.
You knew the following spells:

 Your Spells              Type           Power        Failure   Level  Hunger
a - Sandblast             Erth           ######       0%          1    None
b - Dispel Undead         Necr           #######.     1%          5    ##.....
c - Lee's Rapid Deconstr  Erth           ########..   1%          5    ##.....
d - Animate Dead          Necr           N/A          1%          4    None
e - Deflect Missiles      Chrm/Air       #######...   11%         6    ####...
f - Agony                 Necr           #######.     1%          5    ##.....
g - Simulacrum            Ice/Necr       #######...   4%          6    ####...
h - Borgnjor's Vile Clut  Necr/Erth      ########..   1%          5    ##.....
i - Statue Form           Tmut/Erth      #######..    4%          6    ####...
j - Iron Shot             Conj/Erth      #######...   1%          6    ####...
k - Apportation           Tloc           #####.       1%          1    None
r - Blink                 Tloc           N/A          3%          2    None
P - Passwall              Tmut/Erth      #######.     1%          2    None

Your spell library contained the following spells:

 Spells                   Type           Power        Failure   Level  Hunger
 Animate Skeleton         Necr           N/A          0%          1    None
 Pain                     Necr           ####         0%          1    None
 Corpse Rot               Necr           N/A          0%          2    None
 Sublimation of Blood     Necr           #######...   0%          2    None
 Beastly Appendage        Tmut           ######       1%          1    None
 Infusion                 Chrm           ####         1%          1    None
 Magic Dart               Conj           ####         1%          1    None
 Ensorcelled Hibernation  Hex/Ice        ######       1%          2    None
 Poisonous Vapours        Pois/Air       ######       1%          2    None
 Searing Ray              Conj           ######       1%          2    None
 Shroud of Golubria       Chrm/Tloc      ######....   1%          2    None
 Song of Slaying          Chrm           #######.     1%          2    None
 Sticks to Snakes         Tmut           ######..     1%          2    None
 Conjure Flame            Conj/Fire      ######..     1%          3    None
 Dazzling Spray           Conj/Hex       ######       1%          3    None
 Mephitic Cloud           Conj/Pois/Air  ######..     1%          3    None
 Regeneration             Chrm/Necr      #######...   1%          3    None
 Spectral Weapon          Hex/Chrm       ######..     1%          3    None
 Stone Arrow              Conj/Erth      ######       1%          3    None
 Vampiric Draining        Necr           #######...   1%          3    None
 Iskenderun's Mystic Bla  Conj           #######.     1%          4    None
 Leda's Liquefaction      Hex/Erth       #######...   1%          4    None
 Petrify                  Tmut/Erth      #######.     1%          4    None
 Bolt of Draining         Conj/Necr      #######...   1%          5    ##.....
 Bolt of Magma            Conj/Fire/Erth #######...   1%          5    ##.....
 Excruciating Wounds      Chrm/Necr      #######...   1%          5    ##.....
 Iskenderun's Battlesphe  Conj/Chrm      #######.     1%          5    ##.....
 Death Channel            Necr           #######...   1%          6    ####...
 Confusing Touch          Hex            ####..       3%          1    None
 Corona                   Hex            ####...      3%          1    None
 Summon Butterflies       Summ           ####....     3%          1    None
 Summon Small Mammal      Summ           ####         3%          1    None
 Force Lance              Conj/Tloc      ######..     3%          4    None
 Fulminant Prism          Conj/Hex       ######....   3%          4    None
 Ice Form                 Ice/Tmut       ######..     3%          4    None
 Call Imp                 Summ           ####....     4%          2    None
 Slow                     Hex            ####....     4%          2    None
 Spider Form              Tmut/Pois      #####.....   4%          3    None
 Summon Lightning Spire   Summ/Air       ######..     4%          4    None
 Gell's Gravitas          Tloc           #####.....   6%          3    None
 Ignite Poison            Fire/Tmut/Pois #####...     6%          3    None
 Lesser Beckoning         Tloc           #####.....   6%          3    None
 Teleport Other           Tloc           #####...     6%          3    None
 Summon Ice Beast         Ice/Summ       ######..     7%          4    None
 Portal Projectile        Hex/Tloc       ####..       8%          3    None
 Recall                   Summ/Tloc      N/A          8%          3    None
 Call Canine Familiar     Summ           ####....     9%          3    None
 Confuse                  Hex            ####....     9%          3    None
 Inner Flame              Hex/Fire       ####....     9%          3    None
 Summon Guardian Golem    Hex/Summ       ####....     9%          3    None
 Tukima's Dance           Hex            ####....     9%          3    None
 Conjure Ball Lightning   Conj/Air       #######...   9%          6    ####...
 Fireball                 Conj/Fire      ######....   11%         5    ##.....
 Venom Bolt               Conj/Pois      ######....   11%         5    ##.....
 Silence                  Hex/Air        ######....   13%         5    ##.....
 Freezing Cloud           Conj/Ice/Air   #######...   13%         6    ####...
 Bolt of Cold             Conj/Ice       #######...   14%         6    ####...
 Metabolic Englaciation   Hex/Ice        ######....   21%         5    ##.....
 Blade Hands              Tmut           ######....   24%         5    ##.....
 Ozocubu's Refrigeration  Ice            ######....   26%         6    ####...
 Cause Fear               Hex            ####......   30%         4    None
 Orb of Destruction       Conj           #######...   38%         7    ######.
 Lehudib's Crystal Spear  Conj/Erth      #######...   38%         8    #######
 Alistair's Intoxication  Tmut/Pois      #####...     41%         5    ##.....
 Yara's Violent Unravell  Hex/Tmut       #####.....   41%         5    ##.....
 Bolt of Fire             Conj/Fire      ######....   52%         6    ####...
 Poison Arrow             Conj/Pois      ######....   52%         6    ####...
 Summon Mana Viper        Hex/Summ       ####....     63%         5    ##.....
 Shatter                  Erth           ########..   63%         9    #######
 Dispersal                Tloc           #####.....   96%         6    ####...
 Spellforged Servitor     Conj/Summ      ######....   97%         7    ######.
 Ring of Flames           Chrm/Fire      ######....   98%         7    ######.
 Chain Lightning          Conj/Air       #######...   98%         8    #######
 Invisibility             Hex            ####....     99%         6    ####...
 Summon Hydra             Summ           ####......   100%        7    ######.
 Controlled Blink         Tloc           N/A          100%        8    #######
 Discord                  Hex            ####......   100%        8    #######
 Disjunction              Tloc           #####.....   100%        8    #######
 Ignition                 Fire           ####......   100%        8    #######
 Fire Storm               Conj/Fire      ######....   100%        9    #######
 Glaciate                 Conj/Ice       #######...   100%        9    #######
 Tornado                  Air            #######...   100%        9    #######
 Passage of Golubria      Tloc           Unusable     N/A         4    N/A

Dungeon Overview and Level Annotations

Branches:
Dungeon (15/15)            Temple (1/1) D:5            Lair (6/6) D:11
  Swamp (4/4) Lair:3        Snake (4/4) Lair:4        Slime (5/5) Lair:5
    Orc (2/2) D:11            Elf (3/3) Orc:2        Vaults (4/5) D:13
  Crypt (0/3) Vaults:3     Depths (5/5) D:15            Zot (5/5) Depths:5

Altars:
Ashenzari
Cheibriados
Dithmenos
Elyvilon
Fedhas
Gozag
Hepliaklqana
Kikubaaqudgha
Makhleb
Nemelex Xobeh
Okawaru
Qazlal
Ru
Sif Muna
Trog
Uskayaw
Vehumet
Wu Jian
Xom
Yredelemnul
Zin
The Shining One
Beogh
Jiyva

Shops:
D:4 [:(*?   D:5 [   D:7 [   Orc:2 ?=*[   Elf:1 =}}   Elf:2 [   Vaults:1 (
Vaults:4 }   Depths:4 %   Depths:5 (:

Portals:
Hell: Depths:1 Depths:2 Depths:3 Depths:4 Depths:5
Abyss: Depths:1 Depths:4
Pandemonium: Depths:3 Depths:4
Ziggurat: Depths:5

Annotations:
D:3 exclusion: downstairs
Lair:6 1 runed translucent door, exclusion: oklob plant, temitten's ghost, journeyman CeHu
Elf:3 3 runed translucent doors, Orphaajap's ghost, adept HOMo; bosakos's ghost, adept MiFi
Zot:5 1 exclusion


Innate Abilities, Weirdness & Mutations

You have large cloven feet.
You are partially covered in slimy green scales. (AC +2)
You are partially covered in thin metallic scales. (AC +2)
You are frail. (-10% HP)
Your magical capacity is low. (-10% MP)
Your system is resistant to poisons. (rPois)


Message History

There is a stone staircase leading up here.
You climb upwards.
There is a stone staircase leading down here.
There is an escape hatch in the ceiling here.
Really go through this one-way escape hatch?
A mysterious force pulls you upwards. The hatch slams shut behind you.
Unknown command.
Casting: Passwall (safe; 1% risk of failure)
Confirm with . or Enter, or press ? or * to list all spells.
Aiming: Passwall (safe; 1% risk of failure)
Press: ? - help, Dir - move target cursor A rock wall.
This square is covered in magical glow.
You feel a surge of power!
You begin to meditate on the wall.
You continue meditating on the rock. x4
You finish merging with the rock.
Casting: Passwall (safe; 1% risk of failure)
Confirm with . or Enter, or press ? or * to list all spells.
You don't know that spell.
Put on which piece of jewellery? (? for menu, Esc to quit)
Okay, then.
Unknown command.
Unknown command.
Casting: Passwall (safe; 1% risk of failure)
Confirm with . or Enter, or press ? or * to list all spells.
Okay, then.
Casting: Passwall (safe; 1% risk of failure)
Confirm with . or Enter, or press ? or * to list all spells.
Aiming: Passwall (safe; 1% risk of failure)
Press: ? - help, Dir - move target cursor A rock wall.
This square is covered in magical glow.
You feel a surge of power!
You begin to meditate on the wall.
You continue meditating on the rock. x2
You finish merging with the rock.
Casting: Passwall (safe; 1% risk of failure)
Confirm with . or Enter, or press ? or * to list all spells.
Aiming: Passwall (safe; 1% risk of failure)
Press: ? - help, Dir - move target cursor A rock wall.
This square is covered in magical glow.
You feel a surge of power!
You begin to meditate on the wall.
You continue meditating on the rock. x2
You finish merging with the rock.
There is an open door here.
There is an open door here.
There is a staircase leading out of the dungeon here.
Enter note: gg
Enter note: You have escaped!

.# .################# ###
.......#.........# ##.##
.........#######.#####.#.##
##........## ###........#.#
#.###.##..# #...#####...##
##.##..##..####### ##.##
..#...###...'....# #.#
.#.#######..#...@# #.# #######
^#.# #(#..###### #.# #...... .#.#
#'##..##### #.# #.##### .#.#
#..'..##..######.###.#
.#.#####).#..##..#.......##.#####
.#.....#..#...'..######..........
.#######..##..####.............##
.#### ######..# #######.##.##.#
....# #.## #.##.##.##


There were no monsters in sight!

Vanquished Creatures
  the Royal Jelly (Slime:5)
  5 orbs of fire (Zot:5)
  2 ancient liches (Zot:5)
  2 juggernauts (Depths:3)
  7 Killer Klowns
  Boris (Depths:5)
  Vashnia (Snake:3)
  7 caustic shrikes (Depths:3)
  3 curse toes
  8 golden dragons
  2 electric golems
  5 liches
  17 tentacled monstrosities
  An Ice Fiend (IceCv)
  16 Orb Guardians
  A titan (Depths:5)
  2 deep elf blademasters
  8 quicksilver dragons
  14 acid blobs
  6 death cobs
  2 deep elf master archers (Elf:3)
  A sphinx (Vaults:4)
  20 storm dragons
  5 tengu reavers
  Roxanne (Swamp:1)
  5 shadow dragons
  11 draconian monks
  Donald (Elf:1)
  4 nagarajas
  12 frost giants
  4 draconian knights
  7 vault wardens
  11 azure jellies
  4 deep elf sorcerers
  7 fire giants
  11 draconian scorchers
  A deep elf elementalist (Elf:3)
  4 ghost moths
  3 draconian stormcallers
  A balrug (Depths:1)
  2 orc warlords
  12 draconian shifters
  6 draconian annihilators
  A spriggan defender (Depths:2)
  11 ironheart preservers
  24 very ugly things
  A war gargoyle (Zot:1)
  3 vampire knights
  21 stone giants
  9 green draconians
  3 deep elf demonologists (Elf:3)
  A dire elephant (shapeshifter) (Depths:2)
  18 black draconians
  6 purple draconians
  3 red draconians
  6 deep elf annihilators
  Azrael (Snake:2)
  A spark wasp (Zot:1)
  8 white draconians
  16 yellow draconians
  5 deep elf death magi
  2 small abominations (Depths:3)
  3 jiangshi (Depths:3)
  5 death oozes (Slime:5)
  16 fire dragons
  11 yaktaur captains
  Josephine (D:10)
  9 ettins
  13 great orbs of eyes
  3 deep elf high priests
  11 naga warriors
  5 rakshasas
  A shambling mangrove (Swamp:2)
  8 vault guards
  12 hydras
  A ghost crab (Swamp:4)
  3 spriggan air magi
  5 anacondas
  A catoblepas (Lair:6)
  Erica (D:10)
  14 ice dragons
  14 centaur warriors
  2 death knights
  32 two-headed ogres
  23 dancing weapons
  14 ogre magi
  10 tengu warriors
  2 death yaks (Lair:6)
  11 deep troll shamans
  10 deep troll earth magi
  6 alligators
  5 orc high priests (Orc:2)
  2 spriggan berserkers (Depths:2)
  3 vampire magi
  5 shock serpents
  17 naga sharpshooters
  17 deep elf knights
  A soul eater (D:14)
  2 spriggans
  2 sun demons (Depths:1)
  A titan skeleton (D:15)
  4 salamander mystics
  33 hell knights
  3 sixfirhies
  3 shadow wraiths
  A skeletal warrior (Vaults:3)
  3 iron trolls
  3 unseen horrors
  The ghost of dricus the Skirmisher, a novice OpWn of Nemelex Xobeh (D:8)
  A storm dragon skeleton (Vaults:3)
  4 wizards
  3 flayed ghosts
  4 naga ritualists
  A spriggan druid (Swamp:3)
  18 deep trolls
  8 deep elf archers
  An obsidian statue (Zot:5)
  6 mana vipers
  6 glowing orange brains
  15 orc knights
  3 phantasmal warriors
  An orb spider (shapeshifter) (Vaults:1)
  9 ironbrand convokers
  3 swamp dragons (Swamp:4)
  8 wolf spiders
  68 ugly things
  Pikel (D:4)
  4 orc sorcerers
  A faun (shapeshifter) (Depths:2)
  A wolf spider zombie (D:14)
  A fire giant zombie (D:15)
  5 shining eyes
  10 necromancers
  9 cyclopes
  53 deep elf magi
  2 manticores
  A human skeleton (Vaults:3)
  2 stone giant zombies (D:15)
  4 elephants (Lair:6)
  22 moths of wrath
  A manticore (shapeshifter) (Depths:3)
  Maurice (D:10)
  13 salamanders
  2 guardian serpents
  Joseph (D:10)
  3 eyes of devastation
  An ice statue (D:7)
  2 salamanders (shapeshifter)
  20 naga magi
  A smoke demon (Depths:4)
  3 gargoyles
  A spiny frog (shapeshifter) (Vaults:2)
  18 black mambas
  A centaur skeleton (D:15)
  12 spiny frogs
  8 vault sentinels
  Psyche (D:11)
  An orange demon (Depths:4)
  2 human zombies (Vaults:3)
  A hellion (Depths:4)
  6 freezing wraiths
  2 rime drakes
  11 komodo dragons
  An elf (Vaults:3)
  4 anaconda simulacra (IceCv)
  An efreet (D:15)
  2 golden dragon simulacra (IceCv)
  7 ice devils
  28 yaktaurs
  7 tengu conjurers
  A troll (shapeshifter) (Vaults:2)
  8 tyrant leeches
  A queen bee (shapeshifter) (Vaults:1)
  2 guardian mummies (D:15)
  4 raiju (Zot:1)
  4 trolls
  4 polar bears
  75 slime creatures
  5 bog bodies
  12 hornets
  19 blink frogs
  A wind drake (shapeshifter) (Vaults:3)
  11 hippogriffs
  A frost giant simulacrum (Vaults:2)
  6 wraiths
  2 air elementals (Elf:2)
  5 shadows
  A tarantella (shapeshifter) (Vaults:3)
  A vampire (D:14)
  3 water elementals
  46 yaks
  2 basilisks
  3 wyverns
  A dire elephant simulacrum (IceCv)
  4 golden eyes
  18 humans
  A chaos spawn (Zot:2)
  A hungry ghost (D:7)
  A fire elemental (Snake:2)
  23 vampire mosquitoes
  A yaktaur simulacrum (Vaults:2)
  5 insubstantial wisps (Swamp:3)
  2 harpy simulacra (IceCv)
  11 wargs
  2 acid dragons
  6 swamp worms
  38 nagas
  13 water moccasins
  2 iron troll simulacra (IceCv)
  4 hydra simulacra (IceCv)
  A water moccasin (shapeshifter) (Elf:1)
  2 swamp drakes
  A floating eye (Slime:4)
  13 porcupines
  4 ice beasts
  54 orc warriors
  A sky beast (D:12)
  2 slaves
  4 phantoms
  2 black bears
  A sky beast (shapeshifter) (Elf:2)
  7 wolves
  13 boggarts
  5 eyes of draining
  30 ogres
  23 centaurs
  9 crocodiles
  2 big kobolds
  An elf zombie (Ossuary)
  21 bullfrogs
  Blork the orc (D:6)
  A wyvern zombie (D:11)
  2 earth elementals (Elf:3)
  A wyvern skeleton (D:13)
  5 scorpions
  4 killer bees (D:9)
  2 elephant simulacra (IceCv)
  4 wights (D:11)
  7 howler monkeys
  4 electric eels
  7 crimson imps
  4 centaur zombies
  A bullfrog zombie (D:11)
  A draconian simulacrum (IceCv)
  28 orc priests
  5 hounds
  17 jellies
  A bullfrog skeleton (D:6)
  21 orc wizards
  Jessica (D:3)
  Natasha (D:2)
  5 iguanas
  9 worker ants
  5 lightning spires (Zot:1)
  A spriggan simulacrum (IceCv)
  2 troll simulacra (IceCv)
  3 wolf simulacra (IceCv)
  A centaur simulacrum (IceCv)
  A big kobold zombie (Ossuary)
  4 mummies (Ossuary)
  2 worker ant zombies
  4 gnolls (D:2)
  2 ogre simulacra (IceCv)
  12 adders
  A howler monkey skeleton (D:5)
  3 naga simulacra (IceCv)
  8 shadow imps
  5 white imps (IceCv)
  6 ufetubi (IceCv)
  22 oozes
  An adder zombie (Ossuary)
  2 adder skeletons
  2 worms
  7 dart slugs
  7 leopard geckos
  113 orcs
  6 bats
  5 giant cockroaches
  A gnoll zombie (Ossuary)
  10 goblins
  6 hobgoblins
  2 jackals (D:4)
  3 quokkas
  2 ball pythons
  6 frilled lizards
  A goblin zombie (Ossuary)
  A jackal skeleton (D:7)
  A jackal zombie (Ossuary)
  14 kobolds
  A kobold zombie (Ossuary)
  2 orc zombies (Ossuary)
  2 quokka skeletons
  A quokka zombie (D:5)
  4 rats
  2 rat zombies (Ossuary)
  9 fungi
  2 plants (Lair:2)
2147 creatures vanquished.

Vanquished Creatures (collateral kills)
  2 orbs of fire
  2 Killer Klowns (Zot:5)
  A caustic shrike (Depths:3)
  Nikola (Swamp:3)
  2 electric golems
  Jorgrun (Swamp:1)
  A tentacled monstrosity (Zot:2)
  8 Orb Guardians (Zot:5)
  A lich (Depths:3)
  3 acid blobs
  A quicksilver dragon (Zot:3)
  3 thorn hunters
  A draconian monk (Zot:3)
  The ghost of motoroller71 the Carver, an adept HuGl of Makhleb (Swamp:3)
  Kirke (Swamp:4)
  2 nagarajas (Snake:4)
  2 azure jellies
  Aizul (Swamp:3)
  A draconian knight (Zot:3)
  2 fire giants (Depths:3)
  A deep elf sorcerer (Vaults:2)
  A draconian stormcaller (Zot:3)
  A draconian annihilator (Zot:1)
  A stone giant (Depths:2)
  5 deep elf annihilators
  A very ugly thing (Depths:4)
  A spark wasp (Depths:2)
  A red draconian (Depths:5)
  3 yellow draconians
  3 black draconians
  A purple draconian (Zot:3)
  2 yaktaur captains
  A fire dragon (Depths:4)
  An ogre mage (Vaults:2)
  2 great orbs of eyes (Slime:2)
  4 hydras
  2 naga warriors
  2 shambling mangroves
  A ghost crab (Swamp:3)
  2 anacondas
  5 two-headed ogres
  3 alligators (Swamp:3)
  4 death yaks (Lair:6)
  6 naga sharpshooters
  A shadow wraith (Vaults:4)
  A hell knight (Depths:3)
  6 salamander mystics
  A deep troll (Depths:3)
  3 spriggan druids (Swamp:3)
  A deep elf archer (Vaults:1)
  A naga ritualist (Snake:4)
  7 swamp dragons
  5 deep elf magi
  2 shining eyes
  2 wolf spiders
  3 ugly things
  4 moths of wrath
  7 salamanders
  A vault sentinel (Vaults:4)
  An elephant (Lair:6)
  4 black mambas
  3 spiny frogs
  7 naga magi
  4 yaktaurs (Vaults:2)
  A freezing wraith (Vaults:4)
  6 komodo dragons
  A tyrant leech (Swamp:3)
  3 hornets (Swamp:3)
  3 blink frogs (Swamp:4)
  A hippogriff (Lair:5)
  4 bog bodies (Swamp:4)
  7 slime creatures
  2 shadows
  A hog (Swamp:4)
  2 fire elementals (Snake:2)
  A spriggan (Swamp:3)
  A human (D:13)
  7 yaks (Lair:3)
  A basilisk (Lair:3)
  A soldier ant (D:15)
  4 swamp worms
  3 insubstantial wisps (Swamp:3)
  3 hell hounds
  3 nagas
  3 water moccasins
  7 swamp drakes
  2 orc warriors (Orc:2)
  A human zombie (Vaults:3)
  4 eyes of draining
  A wolf (Lair:6)
  An ogre (Vaults:2)
  4 crocodiles
  6 bullfrogs
  An earth elemental (Elf:3)
  A wight (D:11)
  A howler monkey (D:10)
  3 orc priests
  3 orc wizards
  2 adders
  13 orcs
  A kobold zombie (Ossuary)
  5 fungi
  2 plants
271 creatures vanquished.

Vanquished Creatures (others)
  Asterion (Elf:2)
  A death cob (Zot:5)
  2 draconian knights
  A draconian shifter (Zot:1)
  A draconian stormcaller (Zot:3)
  2 stone giants
  A white draconian (Zot:2)
  A yaktaur captain (Depths:3)
  A rakshasa (Depths:2)
  A shock serpent (Zot:1)
  A deep elf archer (Vaults:4)
  A yaktaur (Depths:2)
  2 blink frogs (Swamp:4)
  4 humans (Swamp:4)
  2 slaves (D:4)
  A swamp drake (Swamp:4)
  A centaur (Depths:3)
  An iguana (D:4)
  An orc wizard (Orc:1)
  Robin (D:4)
  An adder skeleton (D:4)
  A worm (D:4)
  5 ball lightnings (Zot:1)
  6 goblins (D:4)
  2 hobgoblins (D:4)
  A bush (Lair:3)
  19 fungi
  9 plants
  6 withered plants (Elf:3)
77 creatures vanquished.

Grand Total: 2495 creatures vanquished

Notes
Turn   | Place    | Note
-------+----------+-------------------------------------------
     0 | D:1      | Flugkiller the Human Earth Elementalist began the quest for
                  | the Orb.
     0 | D:1      | Reached XP level 1. HP: 13/13 MP: 3/3
   177 | D:1      | Reached XP level 2. HP: 20/20 MP: 3/5
   487 | D:1      | Reached skill level 1 in Fighting
   606 | D:1      | Reached XP level 3. HP: 12/26 MP: 1/6
   787 | D:1      | Learned a level 3 spell: Stone Arrow
  1670 | D:2      | Reached XP level 4. HP: 32/32 MP: 2/7
  2022 | D:2      | Reached skill level 1 in Conjurations
  2285 | D:2      | Reached XP level 5. HP: 33/38 MP: 5/9
  2333 | D:2      | Reached skill level 2 in Fighting
  2788 | D:2      | Noticed Natasha
  2791 | D:2      | Killed Natasha
  3244 | D:3      | Noticed Jessica
  3245 | D:3      | Archmagi robe! Thanks Jessica
  3253 | D:3      | Killed Jessica
  3253 | D:3      | Reached XP level 6. HP: 29/44 MP: 6/11
  3372 | D:3      | Learned a level 5 spell: Lee's Rapid Deconstruction
  3375 | D:3      | Learned a level 2 spell: Passwall
  3498 | D:3      | Found a faded altar of an unknown god.
  4114 | D:4      | Noticed a slave
  4114 | D:4      | Noticed Pikel
  4115 | D:4      | Pikel with iceblast, jeez
  4165 | D:3      | Killed a slave
  4260 | D:4      | Found Vighits's Book Boutique.
  4381 | D:4      | Found Kiuq's Armour Shop.
  4384 | D:4      | Boots of the assassin in a shop, loll
  4413 | D:4      | Ok, got enslavement, now maybe I can defeat Pikel safer
  4415 | D:4      | Found Rocez's Assorted Antiques.
  4421 | D:4      | Bought a runed glass wand for 120 gold pieces
  4421 | D:4      | And random wand in shop is clouds, holy shit
  4430 | D:4      | Noticed a slave
  4430 | D:4      | Noticed a slave
  4432 | D:4      | Noticed a slave
  4438 | D:4      | Killed Pikel
  4438 | D:4      | Reached skill level 5 in Earth Magic
  4438 | D:4      | Reached XP level 7. HP: 22/50 MP: 9/13
  4468 | D:4      | yeah, that fight was still very scary, had to use 2 cloud
                  | charges
  4708 | D:4      | Found Mylogir's Magic Scroll Emporium.
  4752 | D:4      | Reached XP level 8. HP: 56/56 MP: 7/14
  4901 | D:4      | Noticed Robin
  5013 | D:4      | Killed Robin
  5054 | D:4      | Found Eficargh's Weapon Shoppe.
  5167 | D:4      | Javelin throwing hobgoblin, you don't see that every day...
  5308 | D:4      | Found Vighits's Book Boutique.
  5321 | D:4      | Found Kiuq's Armour Shop.
  5351 | D:4      | Found Rocez's Assorted Antiques.
  5505 | D:4      | Found Mylogir's Magic Scroll Emporium.
  5604 | D:4      | Found Eficargh's Weapon Shoppe.
  5634 | D:5      | Entered Level 5 of the Dungeon
  5635 | D:5      | Found a staircase to the Ecumenical Temple.
  5694 | Temple   | Entered the Ecumenical Temple
  5793 | Temple   | I could worship Kiku I guess...
  5793 | Temple   | Not really too hot on any of the gods here, even though
                  | some of them are strong
  5793 | Temple   | I was really looking for gozag
  5793 | Temple   | Ru and nemelex I've already played during the streak, kinda
                  | want to vary
  5793 | Temple   | Vehumet and sif are too weak right now, and they honestly
                  | don't benefit from faith as much as some of the other gods
  5793 | Temple   | Chei, qaz are memes
  5793 | Temple   | Don't wanna play fedhas/yred
  5793 | Temple   | Makh is alright, gonna consider that
  5793 | Temple   | Ash is "funny" given that I have 3 rc scrolls and a body
                  | armour I'm gonna keep for the rest of the game
  5793 | Temple   | Dith is "alright" I guess
  5793 | Temple   | Trog lol
  5793 | Temple   | Rather not gonna go for good gods
  5793 | Temple   | So basically it's between dith, kiku and makh
  5793 | Temple   | let's just take kiku...
  5797 | Temple   | Became a worshipper of Kikubaaqudgha
  6029 | D:5      | Found Puadghiat's Antique Armour Emporium.
  6444 | D:5      | Learned a level 2 spell: Blink
  6543 | D:5      | Reached skill level 1 in Translocations
  6960 | D:6      | Noticed Blork the orc
  7044 | D:6      | Killed Blork the orc
  7447 | D:6      | Reached * piety under Kikubaaqudgha
  7447 | D:6      | Identified Kikubaaqudgha's Tome of Dark Rituals
                  | (Kikubaaqudgha gifted it to you on level 6 of the Dungeon)
  7447 | D:6      | Received a gift from Kikubaaqudgha
  7447 | D:6      | Reached XP level 9. HP: 61/61 MP: 8/15
  7498 | D:5      | Learned a level 1 spell: Animate Skeleton
  7875 | D:7      | Found Edolaite's Armour Boutique.
  8102 | D:7      | Reached skill level 10 in Earth Magic
  8318 | D:7      | Reached skill level 1 in Necromancy
  8332 | D:7      | Got a pitted leather armour
  8343 | D:7      | Identified the cursed +0 leather armour "Adesab" {Str+4
                  | Int+4} (You found it on level 7 of the Dungeon)
  8757 | D:7      | Noticed an ice statue
  8834 | D:7      | Killed an ice statue
  9204 | D:8      | Found a hide-covered altar of Uskayaw.
  9204 | D:8      | Noticed a +0 dagger
  9204 | D:8      | Noticed a +0 hand axe
  9208 | D:8      | Reached XP level 10. HP: 67/67 MP: 13/16
  9213 | D:8      | Reached ** piety under Kikubaaqudgha
  9292 | D:8      | Found a sand-covered staircase.
  9302 | Ossuary  | Entered an ossuary
  9585 | D:8      | Found a transporter.
  9625 | D:8      | Found a transporter.
  9625 | D:8      | Noticed dricus's ghost (novice OpWn)
 10275 | D:9      | Found a shimmering altar of Xom.
 10316 | D:9      | Reached *** piety under Kikubaaqudgha
 10316 | D:9      | Identified Kikubaaqudgha's Handbook of Unholy Secrets
                  | (Kikubaaqudgha gifted it to you on level 9 of the Dungeon)
 10316 | D:9      | Received a gift from Kikubaaqudgha
 10316 | D:9      | Reached skill level 5 in Spellcasting
 10318 | D:9      | Didn't get BVC, feels bad
 10318 | D:9      | Got agony and simulacrum though
 10429 | D:9      | Found a shimmering altar of Xom.
 10521 | D:9      | Reached skill level 3 in Fighting
 10674 | D:9      | Noticed a two-headed ogre
 10707 | D:9      | Killed a two-headed ogre
 10981 | D:9      | Reached skill level 4 in Fighting
 11049 | D:9      | Found an opulent altar of Gozag.
 11157 | D:9      | Found a glowing silver altar of Zin.
 11168 | D:9      | Found a hazy altar of Hepliaklqana.
 11168 | D:9      | Found an ornate altar of the Wu Jian Council.
 11312 | D:10     | Entered Level 10 of the Dungeon
 11318 | D:10     | Got a citrine-encrusted ring mail
 11429 | D:10     | Noticed Erica
 11503 | D:10     | Killed Erica
 11503 | D:10     | Reached skill level 5 in Dodging
 11503 | D:10     | Reached XP level 11. HP: 78/78 MP: 3/20
 11528 | D:10     | Noticed Josephine
 11536 | D:10     | Killed Josephine
 11536 | D:10     | Reached skill level 5 in Fighting
 11643 | D:10     | Reached skill level 6 in Fighting
 11710 | D:10     | Noticed Maurice
 11713 | D:10     | Killed Maurice
 12059 | D:10     | Noticed Joseph
 12085 | D:10     | Killed Joseph
 12097 | D:10     | Reached **** piety under Kikubaaqudgha
 12839 | D:11     | Noticed Psyche
 12839 | D:11     | Identified the +1 robe of the Shoals {rCorr Dex+2}
 12846 | D:11     | Killed Psyche
 13042 | D:11     | You fall into a shaft and drop 1 floor!
 13059 | D:12     | Noticed a cyclops
 13376 | D:11     | Reached skill level 1 in Shields
 13436 | D:11     | Reached ***** piety under Kikubaaqudgha
 13457 | D:11     | Reached XP level 12. HP: 83/88 MP: 7/21
 13666 | D:11     | Found a staircase to the Lair.
 14051 | D:11     | Found a staircase to the Orcish Mines.
 14163 | Lair:1   | Entered Level 1 of the Lair of Beasts
 14206 | Lair:1   | Learned a level 4 spell: Animate Dead
 14442 | Lair:1   | Found a dark tunnel.
 14449 | Volcano  | Entered a volcano
 14466 | Volcano  | Noticed a salamander mystic
 14483 | Volcano  | Killed a salamander mystic
 14618 | Volcano  | Found a burning altar of Makhleb.
 14755 | Volcano  | Reached skill level 5 in Necromancy
 14900 | Volcano  | Noticed a hell knight
 14913 | Volcano  | Killed a hell knight
 16382 | Lair:2   | Identified the +3 ring mail of Ibbacwoc {rC- rN+++ Str+3
                  | Slay+2} (You found it on level 10 of the Dungeon)
 16677 | Lair:2   | Reached XP level 13. HP: 85/93 MP: 19/22
 18070 | Lair:3   | Found a staircase to the Swamp.
 18363 | Lair:3   | Reached ****** piety under Kikubaaqudgha
 19094 | Lair:4   | Learned a level 5 spell: Agony
 19415 | Lair:4   | Found a staircase to the Snake Pit.
 20464 | Lair:5   | Found a staircase to the Slime Pits.
 20962 | Lair:5   | Noticed an eight-headed hydra
 20988 | Lair:5   | Killed an eight-headed hydra
 21098 | Lair:5   | You are sucked into a shaft and drop 1 floor!
 21098 | Lair:6   | Entered Level 6 of the Lair of Beasts
 21343 | Lair:5   | Reached skill level 10 in Necromancy
 21483 | Lair:5   | Reached skill level 15 in Earth Magic
 21570 | Lair:5   | Reached XP level 14. HP: 100/100 MP: 23/23
 22092 | Lair:6   | Found a blossoming altar of Fedhas.
 23088 | Lair:6   | Reached skill level 7 in Fighting
 23728 | Lair:6   | Found a runed translucent door.
 23731 | Lair:6   | Noticed temitten's ghost (journeyman CeHu)
 23736 | Lair:6   | Identified the +7 spear of Doors {freeze, rF+++ rC- Int-3
                  | Dex+7 SInv}
 23939 | Lair:6   | Reached skill level 10 in Dodging
 24332 | Lair:6   | Reached skill level 8 in Fighting
 24903 | Lair:6   | Upgraded the game from 0.24-a0-358-g53aee78b01 to
                  | 0.24-a0-361-g57161393b2
 25700 | D:12     | Reached skill level 9 in Fighting
 27720 | D:13     | Reached skill level 10 in Fighting
 27721 | D:13     | Reached XP level 15. HP: 104/115 MP: 2/25
 27842 | D:12     | hahahahahahah, summoning scroll AGAIN used by a monster..
 28503 | D:13     | Found a gate to the Vaults.
 29369 | D:14     | Found the +7 lajatang of Order {silver, rMut}
 30052 | D:13     | Reached skill level 10 in Spellcasting
 30072 | D:13     | Learned a level 6 spell: Simulacrum
 30349 | D:14     | Reached skill level 1 in Ice Magic
 30537 | D:14     | Found an iron altar of Okawaru.
 30986 | D:15     | Entered Level 15 of the Dungeon
 32085 | D:15     | Found a staircase to the Depths.
 32960 | D:15     | Reached skill level 5 in Ice Magic
 33573 | Orc:1    | Entered Level 1 of the Orcish Mines
 33979 | Orc:1    | Reached XP level 16. HP: 121/121 MP: 24/30
 34536 | Orc:2    | Entered Level 2 of the Orcish Mines
 35063 | Orc:2    | Found a staircase to the Elven Halls.
 35735 | Orc:2    | Found Ypedyocadu's Jewellery Shop.
 35754 | Orc:2    | Found Laamm's Magic Scroll Boutique.
 35919 | Orc:2    | Found a roughly hewn altar of Beogh.
 37084 | Orc:2    | Found a roughly hewn altar of Beogh.
 37677 | Orc:2    | Found Gaestren's Antique Armour Shop.
 37894 | Orc:2    | Found Weol Fae's General Store.
 38269 | D:8      | Killed dricus's ghost
 38450 | Swamp:1  | Entered Level 1 of the Swamp
 38777 | Elf:1    | Entered Level 1 of the Elven Halls
 39600 | Elf:1    | Reached skill level 11 in Fighting
 40288 | Elf:1    | Noticed a deep elf sorcerer
 40290 | Elf:1    | Killed a deep elf sorcerer
 40596 | Elf:1    | Reached skill level 12 in Fighting
 40824 | Elf:1    | Reached XP level 17. HP: 132/132 MP: 21/31
 40882 | Elf:1    | Found Qat Afugh's Gadget Emporium.
 40883 | Elf:1    | Found Teanwo Luke's Jewellery Shop.
 40884 | Elf:1    | Found Muoroq's Gadget Emporium.
 41107 | Elf:1    | Identified the Grimoire of Supportive Arcane Weapons
 41263 | Elf:2    | Noticed Donald
 41478 | Elf:1    | Killed Donald
 41824 | Elf:2    | Reached skill level 13 in Fighting
 42023 | Elf:2    | Found a runed translucent gate.
 42023 | Elf:2    | Found a runed translucent gate.
 42061 | Elf:2    | Found Siaruxy's Armour Emporium.
 42298 | Elf:2    | Found a runed translucent gate.
 42447 | Elf:3    | Entered Level 3 of the Elven Halls
 43118 | Elf:3    | Noticed Asterion
 43478 | Elf:3    | Found a runed translucent gate.
 43478 | Elf:3    | Found a runed translucent gate.
 43478 | Elf:3    | Found a runed translucent gate.
 43478 | Elf:3    | Noticed Orphaajap's ghost (adept HOMo)
 43479 | Elf:3    | Noticed bosakos's ghost (adept MiFi)
 43599 | Elf:2    | Killed Asterion
 43599 | Elf:2    | Reached skill level 14 in Fighting
 43801 | Elf:3    | Reached skill level 1 in Evocations
 44895 | Elf:3    | Found a gateway to a bazaar.
 44969 | Bazaar   | Entered a bazaar
 44969 | Bazaar   | Found Yppi's Gadget Shoppe.
 44981 | Bazaar   | Found Vuisk's Armour Emporium.
 44987 | Bazaar   | Found Wuontackudd's Food Shoppe.
 44997 | Bazaar   | Found Moqump's Antique Weapon Shoppe.
 45004 | Bazaar   | Found Fousch's Gadget Emporium.
 45029 | Bazaar   | Bought a wand of acid (11) for 360 gold pieces
 45044 | Bazaar   | Bought a ration for 35 gold pieces
 45044 | Bazaar   | Bought a ration for 35 gold pieces
 45044 | Bazaar   | Bought a ration for 35 gold pieces
 45044 | Bazaar   | Bought a ration for 35 gold pieces
 45044 | Bazaar   | Bought a ration for 35 gold pieces
 45044 | Bazaar   | Bought a ration for 35 gold pieces
 45044 | Bazaar   | Bought a ration for 35 gold pieces
 45044 | Bazaar   | Bought a ration for 35 gold pieces
 45233 | Elf:3    | Identified the +6 glaive of the Living Dead {venom, +Inv
                  | rC+ Int+3}
 45520 | Elf:3    | Reached skill level 5 in Evocations
 45569 | Elf:3    | Noticed a deep elf master archer
 45637 | Elf:3    | Killed a deep elf master archer
 45761 | Elf:3    | Noticed a deep elf master archer
 45885 | Elf:3    | Killed a deep elf master archer
 45886 | Elf:3    | Noticed a deep elf blademaster
 46771 | Elf:2    | Killed a deep elf blademaster
 46771 | Elf:2    | Reached XP level 18. HP: 94/146 MP: 2/32
 46946 | Elf:2    | Found Siaruxy's Armour Emporium.
 47462 | Elf:3    | Identified the ring of Moodiness {rPois rF+ Stlth+}
 47462 | Elf:3    | Noticed a deep elf blademaster
 47465 | Elf:3    | Identified the +10 morningstar "Tivvetat" {freeze, *Corrode
                  | Int+3}
 47493 | Elf:3    | Killed a deep elf blademaster
 49220 | Elf:2    | Identified a +6 quick blade of pain (a +4 quick blade of
                  | electrocution bloodied by Kikubaaqudgha)
 49220 | Elf:2    | Received a gift from Kikubaaqudgha
 50157 | Swamp:1  | Reached skill level 1 in Short Blades
 50377 | Lair:3   | Identified a scroll of acquirement
 50379 | Lair:3   | Got a coiled tin ring
 50380 | Lair:3   | Identified the ring "Nuific" {Ice Int+5 SInv} (You acquired
                  | it on level 3 of the Lair of Beasts)
 50602 | Swamp:1  | jeez
 50849 | Swamp:1  | Noticed Jorgrun
 50867 | Swamp:1  | Killed Jorgrun
 51030 | Swamp:1  | Identified Roxanne's Papyrus of the Rocks
 51030 | Swamp:1  | Noticed Roxanne
 51080 | Swamp:1  | Killed Roxanne
 51739 | Swamp:2  | Found a frozen archway.
 51904 | IceCv    | Entered an ice cave
 52720 | IceCv    | Noticed an Ice Fiend
 52873 | IceCv    | Reached XP level 19. HP: 153/153 MP: 27/33
 53037 | IceCv    | shit
 53044 | IceCv    | Killed an Ice Fiend
 53172 | IceCv    | Learned a level 5 spell: Borgnjor's Vile Clutch
 53213 | IceCv    | Identified the +9 trident of Fixation {pain, rPois Int+2
                  | Dex+2 Stlth-} (You found it in an ice cave)
 54408 | Swamp:3  | Noticed Aizul
 54451 | Swamp:3  | Killed Aizul
 54561 | Swamp:3  | Noticed Nikola
 54966 | Swamp:3  | Found a runed translucent door.
 54970 | Swamp:3  | Identified the cursed +2 trident of the Emperors {pierce,
                  | Str+4 Int-2 Dex+4 SInv}
 54973 | Swamp:3  | Noticed motoroller71's ghost (adept HuGl)
 55168 | Swamp:3  | Killed Nikola
 55168 | Swamp:3  | Reached skill level 15 in Fighting
 55470 | Swamp:3  | Killed motoroller71's ghost
 55599 | Swamp:4  | Entered Level 4 of the Swamp
 55627 | Swamp:4  | Reached skill level 5 in Short Blades
 55988 | Swamp:4  | Found a hide-covered altar of Uskayaw.
 56499 | Swamp:4  | Got a decaying rune of Zot
 56564 | Swamp:4  | Noticed Kirke
 56574 | Swamp:4  | Killed Kirke
 57210 | Snake:1  | Entered Level 1 of the Snake Pit
 57594 | Snake:1  | Got an encrusted flail
 58456 | Snake:1  | Learned a level 6 spell: Statue Form
 58579 | Snake:2  | Noticed Azrael
 58790 | Snake:2  | Killed Azrael
 59053 | Snake:2  | Reached XP level 20. HP: 132/162 MP: 19/35
 59595 | Snake:3  | Noticed Vashnia
 60226 | Snake:3  | Killed Vashnia
 60226 | Snake:3  | Reached skill level 5 in Shields
 60369 | Snake:3  | Got a steaming glaive
 60370 | Snake:3  | Identified the +9 glaive of Hienufafri {chop, MR+} (You
                  | found it on level 3 of the Snake Pit)
 61004 | Snake:3  | Found an opulent altar of Gozag.
 61321 | Snake:4  | Entered Level 4 of the Snake Pit
 63308 | Snake:4  | Got a serpentine rune of Zot
 63921 | Vaults:1 | Entered Level 1 of the Vaults
 64306 | Vaults:1 | Reached XP level 21. HP: 168/168 MP: 20/36
 64558 | Vaults:1 | Found Ywkero Gail's Antique Weapon Shoppe.
 64683 | Vaults:1 | Found a portal to a secret trove of treasure.
 64756 | Vaults:1 | Reached skill level 10 in Shields
 66813 | Vaults:1 | You paid a toll of +4 fire dragon scales to enter a
                  | treasure trove
 66814 | Trove    | Entered a treasure trove
 66817 | Trove    | Found the +4 skin of Zhor {Hibernate rC+++ SInv}
 66818 | Trove    | Found the +7 Kryia's mail coat {PotionHeal*2 rC+}
 66821 | Trove    | Got a twisted helmet
 66823 | Trove    | Got a pair of dazzling boots
 66828 | Trove    | Got a pair of slimy boots
 66830 | Trove    | Got a pair of fine boots
 66834 | Trove    | Got an ichor-stained cloak
 66836 | Trove    | Got a smoking helmet
 66842 | Trove    | Got a jewelled ring mail
 66852 | Trove    | Identified the +5 ring mail of the Harvest Moon {rPois rF+}
                  | (You found it in a treasure trove)
 66853 | Trove    | Identified the +0 cloak "Meym" {+Fly rCorr Str+3 Stlth+}
                  | (You found it in a treasure trove)
 66856 | Trove    | Got a distressingly furry robe
 66868 | Vaults:1 | Identified the +2 pair of boots of Entitlement {+Blink
                  | rElec rPois rCorr} (You found it in a treasure trove)
 66869 | Vaults:1 | Identified the +0 pair of boots of Complete Protection {rN+
                  | Dex+3 Stlth+} (You found it in a treasure trove)
 66870 | Vaults:1 | Identified the +2 pair of boots "Gimoolid" {rCorr} (You
                  | found it in a treasure trove)
 66883 | Vaults:1 | Identified the +0 helmet of Freedom {rPois} (You found it
                  | in a treasure trove)
 66884 | Vaults:1 | Identified the +1 helmet "Ruerer" {+Blink} (You found it in
                  | a treasure trove)
 66887 | Vaults:1 | Identified the +2 robe of Beogh's Regard {rPois Str+3} (You
                  | found it in a treasure trove)
 69053 | Swamp:4  | Found a hide-covered altar of Uskayaw.
 70019 | Vaults:2 | Found a radiant altar of Vehumet.
 70500 | Vaults:2 | Reached XP level 22. HP: 159/176 MP: 33/37
 71765 | Vaults:3 | Reached skill level 16 in Fighting
 72003 | Vaults:3 | Found a staircase to the Crypt.
 72506 | Vaults:3 | Got a fine longbow
 72764 | Vaults:3 | Found a shattered altar of Ashenzari.
 73251 | Vaults:4 | Reached skill level 15 in Shields
 73585 | Vaults:4 | Reached skill level 17 in Fighting
 73974 | Vaults:4 | Found Nuolegen's Gadget Shop.
 74697 | Vaults:4 | Reached XP level 23. HP: 188/188 MP: 32/38
 75178 | Depths:1 | Entered Level 1 of the Depths
 75287 | Depths:1 | Reached skill level 18 in Fighting
 76103 | Snake:3  | Learned a level 5 spell: Dispel Undead
 76448 | Depths:1 | You fall into a shaft and drop 1 floor!
 76448 | Depths:2 | Found a gateway to Hell.
 76490 | Depths:2 | Reached skill level 15 in Dodging
 77327 | Depths:1 | Found a one-way gate to the infinite horrors of the Abyss.
 77641 | Depths:2 | Found a white marble altar of Elyvilon.
 77642 | Depths:2 | Found a burning altar of Makhleb.
 77642 | Depths:2 | Found a sacrificial altar of Ru.
 77815 | Depths:2 | Reached skill level 19 in Fighting
 78498 | Depths:2 | Reached XP level 24. HP: 171/203 MP: 23/38
 78740 | Depths:2 | Noticed a golden dragon
 78760 | Depths:2 | Killed a golden dragon
 78760 | Depths:2 | Reached skill level 20 in Fighting
 81011 | Depths:3 | Noticed a caustic shrike
 81018 | Depths:3 | Killed a caustic shrike
 81020 | Depths:3 | Noticed a caustic shrike
 81023 | Depths:3 | Noticed a caustic shrike
 81023 | Depths:3 | Noticed a caustic shrike
 81025 | Depths:3 | Killed a caustic shrike
 81025 | Depths:3 | Reached XP level 25. HP: 149/212 MP: 7/38
 81033 | Depths:3 | Killed a caustic shrike
 81034 | Depths:3 | Killed a caustic shrike
 81459 | Depths:3 | Noticed a juggernaut
 81482 | Depths:3 | Killed a juggernaut
 81946 | Depths:3 | Identified the ring of Tecimute {Ice rElec rN++ Str+3
                  | Int-5} (You found it on level 3 of the Depths)
 82065 | Depths:3 | Found a one-way gate leading to the halls of Pandemonium.
 82096 | Depths:3 | Reached skill level 21 in Fighting
 82360 | Depths:3 | Noticed a juggernaut
 82388 | Depths:3 | Killed a juggernaut
 82502 | Depths:3 | Noticed a caustic shrike
 82507 | Depths:3 | Noticed a caustic shrike
 82509 | Depths:3 | Noticed a caustic shrike
 82511 | Depths:3 | Noticed a caustic shrike
 82515 | Depths:3 | Killed a caustic shrike
 82520 | Depths:3 | Killed a caustic shrike
 82527 | Depths:3 | Killed a caustic shrike
 82538 | Depths:3 | Killed a caustic shrike
 83031 | Depths:4 | Reached skill level 22 in Fighting
 84097 | Depths:4 | Found Fifurchy's Food Shop.
 84381 | Depths:5 | Entered Level 5 of the Depths
 84891 | Depths:4 | Reached XP level 26. HP: 182/226 MP: 30/38
 85327 | Depths:5 | Found a gateway to a ziggurat.
 85393 | Depths:5 | Noticed Boris
 85404 | Depths:5 | Killed Boris
 85404 | Depths:5 | Reached skill level 23 in Fighting
 85628 | Depths:5 | Found Bustatig's Weapon Boutique.
 85756 | Depths:5 | Found Xitt's Book Boutique.
 85861 | Depths:5 | Learned a level 6 spell: Deflect Missiles
 85952 | Depths:5 | Reached skill level 1 in Charms
 85952 | Depths:5 | Reached skill level 1 in Air Magic
 86008 | Depths:5 | Found a gate to the Realm of Zot.
 87021 | Slime:1  | Entered Level 1 of the Pits of Slime
 87443 | Slime:3  | Found a viscous altar of Jiyva.
 87831 | Slime:5  | Entered Level 5 of the Pits of Slime
 88211 | Slime:5  | Reached skill level 5 in Air Magic
 88216 | Slime:5  | Reached skill level 5 in Charms
 88307 | Slime:5  | Noticed the Royal Jelly
 88684 | Slime:4  | Paralysed by a floating eye for 4 turns
 88833 | Slime:4  | Gained mutation: Potions are less effective at restoring
                  | your health. [a shining eye]
 89481 | Slime:5  | Killed the Royal Jelly
 89714 | Slime:5  | Reached XP level 27. HP: 180/237 MP: 27/38
 89976 | Slime:5  | Found the brooch of Shielding {Reflect SH+8}
 90067 | Slime:5  | Got a slimy rune of Zot
 90097 | Slime:5  | Identified A Thorough Guide to Spellweaving
 90105 | Slime:5  | Got a fine hand crossbow
 90124 | Slime:5  | Got an ichor-stained long sword
 90775 | Zot:1    | Entered Level 1 of the Realm of Zot
 90779 | Zot:1    | Noticed an orb of fire
 90780 | Zot:1    | Gained mutation: Your magical capacity is low. (-10% MP)
                  | [an orb of fire]
 91172 | Zot:1    | Gained mutation: You are frail. (-10% HP) [an orb of fire]
 92215 | Zot:1    | Gained mutation: You are clumsy. (Dex -2) [an orb of fire]
 92218 | Zot:1    | Gained mutation: Your magical capacity is very low. (-20%
                  | MP) [an orb of fire]
 92219 | Zot:1    | Gained mutation: You are very clumsy. (Dex -4) [an orb of
                  | fire]
 92224 | Zot:1    | Gained mutation: You are very frail. (-20% HP) [an orb of
                  | fire]
 92237 | Zot:1    | Gained mutation: You do not regenerate when monsters are
                  | visible. [an orb of fire]
 92240 | Zot:1    | Killed an orb of fire
 92540 | Zot:1    | Lost mutation: You are very frail. (-20% HP) [potion of
                  | mutation]
 92540 | Zot:1    | Lost mutation: You do not regenerate when monsters are
                  | visible. [potion of mutation]
 92540 | Zot:1    | Lost mutation: You are very clumsy. (Dex -4) [potion of
                  | mutation]
 92540 | Zot:1    | Gained mutation: You are very frail. (-20% HP) [potion of
                  | mutation]
 92540 | Zot:1    | Gained mutation: Scrolls take you a little longer to read.
                  | [potion of mutation]
 92540 | Zot:1    | Lost mutation: You are clumsy. (Dex -2) [potion of
                  | mutation]
 92541 | Zot:1    | Lost mutation: You are very frail. (-20% HP) [potion of
                  | mutation]
 92541 | Zot:1    | Lost mutation: You are frail. (-10% HP) [potion of
                  | mutation]
 92541 | Zot:1    | Lost mutation: Potions are less effective at restoring your
                  | health. [potion of mutation]
 92541 | Zot:1    | Gained mutation: You have sharp fingernails. [potion of
                  | mutation]
 93066 | Zot:1    | Reached skill level 24 in Fighting
 94148 | Zot:2    | Reached skill level 15 in Necromancy
 96538 | Zot:3    | Learned a level 6 spell: Iron Shot
 96951 | Zot:3    | Reached skill level 5 in Conjurations
100756 | Zot:4    | Identified the +10 trident "Asayrha" {venom, Int+5}
101843 | Zot:5    | Entered Level 5 of the Realm of Zot
103060 | Zot:5    | Noticed a Killer Klown
103072 | Zot:5    | Killed a Killer Klown
103072 | Zot:5    | Reached skill level 10 in Conjurations
104320 | Zot:5    | Noticed a Killer Klown
104321 | Zot:5    | Noticed a Killer Klown
104515 | Zot:4    | Killed a Killer Klown
104529 | Zot:5    | Killed a Killer Klown
104607 | Zot:5    | Noticed an ancient lich
104965 | Zot:5    | Killed an ancient lich
105101 | Zot:5    | Noticed an orb of fire
105109 | Zot:5    | Killed an orb of fire
106455 | Zot:5    | Noticed an ancient lich
106506 | Zot:5    | Killed an ancient lich
106680 | Zot:5    | Noticed a Killer Klown
106712 | Zot:5    | Killed a Killer Klown
106765 | Zot:5    | Noticed an orb of fire
106773 | Zot:5    | Gained mutation: Your spells are a little easier to cast,
                  | but a little less powerful. [an orb of fire]
106775 | Zot:5    | Killed an orb of fire
106900 | Zot:5    | Lost mutation: Your spells are a little easier to cast, but
                  | a little less powerful. [potion of mutation]
106900 | Zot:5    | Lost mutation: Scrolls take you a little longer to read.
                  | [potion of mutation]
106900 | Zot:5    | Lost mutation: Your magical capacity is very low. (-20% MP)
                  | [potion of mutation]
106900 | Zot:5    | Gained mutation: You evolve. [potion of mutation]
106900 | Zot:5    | Gained mutation: Your natural rate of healing is unusually
                  | fast. [potion of mutation]
106952 | Zot:5    | Noticed an orb of fire
106968 | Zot:5    | Gained mutation: Scrolls take you a little longer to read.
                  | [an orb of fire]
106972 | Zot:5    | Killed an orb of fire
107115 | Zot:5    | Noticed a Killer Klown
107117 | Zot:5    | Noticed an orb of fire
107151 | Zot:5    | Killed an orb of fire
107159 | Zot:5    | Gained mutation: You are partially covered in slimy green
                  | scales. (AC +2) [evolution]
107159 | Zot:5    | Lost mutation: You evolve. [end of evolution]
107309 | Zot:5    | Noticed a Killer Klown
107334 | Zot:5    | Killed a Killer Klown
107384 | Zot:5    | Noticed a Killer Klown
107400 | Zot:5    | Killed a Killer Klown
107483 | Zot:5    | Noticed a Killer Klown
107785 | Zot:5    | Noticed an orb of fire
107785 | Zot:5    | Noticed a Killer Klown
107800 | Zot:5    | Killed a Killer Klown
107830 | Zot:5    | Gained mutation: You are mostly covered in slimy green
                  | scales. (AC +3) [an orb of fire]
107832 | Zot:5    | Gained mutation: Your spells are a little easier to cast,
                  | but a little less powerful. [an orb of fire]
107833 | Zot:5    | Killed an orb of fire
107941 | Zot:5    | Killed a Killer Klown
108043 | Zot:5    | Killed a Killer Klown
108331 | Zot:5    | Noticed an orb of fire
108505 | Zot:5    | Gained mutation: Scrolls take you longer to read. [an orb
                  | of fire]
108517 | Zot:5    | Gained mutation: You are weak. (Str -2) [an orb of fire]
108528 | Zot:5    | Killed an orb of fire
108599 | Zot:5    | Lost mutation: You have sharp fingernails. [potion of
                  | mutation]
108599 | Zot:5    | Lost mutation: Your natural rate of healing is unusually
                  | fast. [potion of mutation]
108599 | Zot:5    | Lost mutation: Your magical capacity is low. (-10% MP)
                  | [potion of mutation]
108599 | Zot:5    | Lost mutation: Scrolls take you longer to read. [potion of
                  | mutation]
108599 | Zot:5    | Gained mutation: You are agile. (Dex +2) [potion of
                  | mutation]
108599 | Zot:5    | Gained mutation: Your system is resistant to poisons.
                  | (rPois) [potion of mutation]
108600 | Zot:5    | Lost mutation: You are weak. (Str -2) [potion of mutation]
108600 | Zot:5    | Lost mutation: You are mostly covered in slimy green
                  | scales. (AC +3) [potion of mutation]
108600 | Zot:5    | Gained mutation: You are partially covered in thin metallic
                  | scales. (AC +2) [potion of mutation]
108600 | Zot:5    | Gained mutation: Your magical capacity is low. (-10% MP)
                  | [potion of mutation]
108600 | Zot:5    | Gained mutation: You expend magic power (3 MP) to
                  | strengthen your wands. [potion of mutation]
108601 | Zot:5    | Lost mutation: You expend magic power (3 MP) to strengthen
                  | your wands. [potion of mutation]
108601 | Zot:5    | Lost mutation: Scrolls take you a little longer to read.
                  | [potion of mutation]
108601 | Zot:5    | Lost mutation: You are agile. (Dex +2) [potion of mutation]
108601 | Zot:5    | Lost mutation: Your spells are a little easier to cast, but
                  | a little less powerful. [potion of mutation]
108601 | Zot:5    | Gained mutation: You are frail. (-10% HP) [potion of
                  | mutation]
108601 | Zot:5    | Gained mutation: You have large cloven feet. [potion of
                  | mutation]
108788 | Zot:5    | Learned a level 1 spell: Apportation
108790 | Zot:5    | Got the Orb of Zot
108871 | Zot:3    | Noticed Qopil the pandemonium lord
109297 | D:8      | Reached skill level 25 in Fighting
109481 | D:1      | gg
109482 | D:$      | Escaped with the Orb!

Levels and vault maps discovered:
D:1:      dpeg_arrival_short_road, layout_loops_ring
D:2:      layout_basic, first_ration, uniq_natasha
D:3:      layout_rooms, chequers_ecumenical_altar_simple_redux, uniq_jessica
D:4:      layout_basic, serial_shops, kennysheep_little_box, shop_statue, shop,
          kennysheep_mini_moat, shop, kennysheep_pointless_box,
          hangedman_decor_slide_cut, uniq_pikel, uniq_robin
D:5:      layout_loops_ring, minmay_temple_entry_slanted, serial_shops, shop
D:6:      layout_cave_pools, uniq_blork_the_orc
D:7:      lemuel_ice_statue, layout_cave_pods, serial_shops, shop,
          grunt_ogre_cave
D:8:      layout_rooms, dancing_weapons_uskayaw,
          lightli_ossuary_entry_decrepit_ruins, gammafunk_ghost_mausoleum
D:9:      layout_cave_pods, nicolae_overflow_hidden_temple, grunt_gozag_statues,
          xom_redecorated, gammafunk_temple_overflow_elements,
          minmay_fountain_box
D:10:     layout_long_grid, minmay_misc_feat_square, uniq_erica, uniq_joseph,
          uniq_maurice, uniq_josephine
D:11:     layout_roguey, grunt_lair_entry_orc_guard_hut, david_orc_4,
          uniq_psyche
D:12:     layout_cave_pods, minivault_12
D:13:     lemuel_slime, layout_cave_pools, grunt_vaults_entry_tiered
D:14:     layout_cave_pools, old_standard_altar, water_boxes_lemuel
D:15:     gammafunk_depths_entry_grave, layout_irregular_city,
          minmay_misc_feat_hallway
Temple:   lightli_temple_of_artemis
Lair:1:   layout_chaotic_city, enter_volcano_3, serial_bayou_shore_b,
          grunt_megastairs_3, serial_bayou_shore_a
Lair:2:   layout_chaotic_city, lemuel_fruit_tree, grunt_megastairs_5,
          serial_bayou_shore_b
Lair:3:   layout_loops_ring, skrybe_swamp_entry_bodies, serial_bayou_shore_b
Lair:4:   layout_cave_shapes, minmay_snake_entry_guardpost_medium,
          grunt_megastairs_1
Lair:5:   layout_hall_layers, nicolae_slime_entry_slimehenge,
          cheibrodos_lair_reptile_den
Lair:6:   grunt_lair_end_beastmaster, layout_hall_layers,
          ebering_ghost_funeral_grove, tgw_fedhas
Swamp:1:  layout_basic_swamp, infiniplex_staircase_pool, uniq_roxanne,
          uniq_jorgrun
Swamp:2:  layout_falls_marsh, portal_ice_cave_entry_dragon,
          nicolae_swamp_round_clearing, swamp_pool3, cheibrodos_swamp_slimy
Swamp:3:  layout_falls_marsh, ebering_ghost_funeral_grove,
          evilmike_swamp_ruin_rubble_2, nicolae_swamp_treefoil, swamp_pool1,
          uniq_aizul, uniq_nikola
Swamp:4:  swamp_alternative, layout_basic_swamp, lemuel_altar_in_water,
          uniq_kirke
Snake:1:  layout_chambers, st_stairs_5
Snake:2:  layout_misc_corridors, uniq_azrael
Snake:3:  layout_honeycomb, basic_altar, uniq_vashnia
Snake:4:  snake_pit, layout_cave_town
Slime:1:  layout_caves, basic_altar
Slime:2:  layout_caves
Slime:3:  cheibrodos_slime_lost_civilization_9, layout_caves, basic_altar,
          cheibrodos_slime_lost_civilization_6
Slime:4:  layout_caves
Slime:5
Orc:1:    layout_diamond_mine, nooodl_orcs_dogs
Orc:2:    pubby_orc_utopia
Elf:1:    layout_gridlike, minmay_elf_sorcery, kb_rosetta, minmay_shop_grove
Elf:2:    layout_rooms, serial_shops, shop, hangedman_elf_targetted_burst,
          sword_in_stone
Elf:3:    elf_hall, layout_onion_city, gammafunk_ghost_cemetery, serial_shops,
          statue_bzr, uniq_asterion
Vaults:1: ontoclasm_vaults_misaligned, vaults_room_large_hall,
          grunt_vaults_twisty, vaults_room_hallway, vaults_room_stairs_pillars,
          vaults_mumra_bighexcomb, vaults_room_large_hall, vaults_dpeg_doors,
          vaults_mumra_lcd, nicolae_vaults_border_crossing,
          layout_vaults_maze_snakey, enter_trove_6, serial_shops, shop
Vaults:2: grunt_tower_of_power, nicolae_vaults_network_periphery,
          vaults_mumra_chevron_long, hangedman_vaults_stream,
          nicolae_vaults_little_ls, hangedman_vaults_trim, v_misc_19,
          ontoclasm_vaults_tryst, v_pattern_3, vaults_room_fours,
          layout_vaults_omnicross
Vaults:3: minmay_crypt_entry_simple_statues, ontoclasm_vaults_bender,
          v_alt_pattern_3, nicolae_vaults_little_squares_3,
          nicolae_vaults_holding_cells, v_misc_25, hangedman_vaults_maws,
          ontoclasm_vaults_hangar, layout_vaults_quadrants, basic_altar
Vaults:4: ontoclasm_vaults_eye, hangedman_vaults_capsules, v_misc_15,
          vaults_mumra_hexcomb, v_rooms_1, ontoclasm_vaults_twist,
          nicolae_vaults_mini_display_case, grunt_vaults_hallway_short,
          layout_vaults_chaotic_city, serial_shops, nicolae_shop_behind_doors
Depths:1: layout_gridlike, abyss_entry_small_statue_room, lightli_too_deep,
          grunt_decor_one_mirror, serial_sigils_hangedman_shear,
          minmay_door_square, kennysheep_generic_room_13, firewood_loft
Depths:2: hangedman_slaughterboxes, hell_entry
Depths:3: hangedman_grunt_twisty_little_passages, layout_basic, pan_entry,
          hell_entry
Depths:4: nicolae_whirlpool, layout_cave_pools, hell_entry,
          rand_demon_pan_entry_4, hangedman_abyss_entry_splay, serial_shops,
          nicolae_shop_behind_doors
Depths:5: grunt_zot_entry_tricorne, layout_long_grid, enter_ziggurat_d,
          hell_entry, hangedman_decor_clover_reticule, roderic_roman_lattice,
          minmay_shop_star, uniq_boris
Zot:1:    infiniplex_zot_generator, layout_misc_corridors,
          hangedman_zot_decor_scrapings, st_large_dragon_hoard_3
Zot:2:    layout_misc_corridors
Zot:3:    layout_onion, grunt_ministairs_1
Zot:4:    layout_gridlike
Zot:5:    layout_twisted_circle, lemuel_flame_loot_1

Skill      XL: |  1  2  3  4  5  6  7  8  9 10 11 12 13 14 15 16 17 18 19 20 21 22 23 24 25 26 27 |
---------------+----------------------------------------------------------------------------------+-----
Fighting       | 1 2 4 6 10 12 14 15 17 19 20 22 23 25 | 25.0
Conjurations   | 1 2 3 10 | 10.0
Spellcasting   | 3 4 6 7 10 11 14 | 14.0
Earth Magic    | 4 5 8 11 12 13 15 17 18 20 | 20.0
Translocations | 1 |  1.1
Necromancy     | 1 2 6 10 11 13 15 | 15.0
Dodging        | 5 9 11 13 14 15 20 | 20.1
Shields        | 1 4 9 13 15 | 15.0
Ice Magic      | 5 7 |  7.0
Evocations     | 5 |  5.2
Short Blades   | 3 7 8 |  8.0
Transmutations | 2 3 |  3.0
Charms         | 6 9 |  9.3
Air Magic      | 6 9 |  9.3
Stealth        | |  2.0

Action                   |  1- 3 |  4- 6 |  7- 9 | 10-12 | 13-15 | 16-18 | 19-21 | 22-24 | 25-27 || total
-------------------------+-------+-------+-------+-------+-------+-------+-------+-------+-------++-------
Melee: Dagger            |    45 |    63 |    41 |    50 |       |       |       |       |       ||   199
       Whip              |       |       |    95 |       |       |       |       |       |       ||    95
       Scimitar          |       |       |       |   123 |       |       |       |       |       ||   123
       Trident           |       |       |       |    32 |   336 |       |       |       |       ||   368
       Lajatang          |       |       |       |       |    96 |   207 |       |       |       ||   303
       Quick blade       |       |       |       |       |       |   100 |  1368 |  1669 |  2457 ||  5594
       Rapier            |       |       |       |       |       |       |       |       |   424 ||   424
       Kick              |       |       |       |       |       |       |       |       |    10 ||    10
Throw: Stone             |     1 |     7 |       |       |     2 |       |     2 |       |    13 ||    25
       Boomerang         |       |     2 |     4 |     1 |       |       |       |       |       ||     7
       Dart              |       |       |       |     6 |     4 |       |       |       |       ||    10
       Throwing net      |       |       |       |       |       |       |       |       |     1 ||     1
 Cast: Sandblast         |    13 |    33 |    52 |   174 |   226 |   111 |       |       |     7 ||   616
       Stone Arrow       |    11 |    30 |     6 |     2 |     7 |     1 |     1 |       |       ||    58
       Lee's Rapid Decon |       |       |    22 |    66 |   204 |   331 |    35 |    45 |    42 ||   745
       Animate Skeleton  |       |       |     6 |    53 |    79 |    77 |    11 |       |       ||   226
       Animate Dead      |       |       |       |     1 |    13 |       |    18 |    11 |    12 ||    55
       Agony             |       |       |       |       |    41 |    63 |    63 |    30 |    77 ||   274
       Blink             |       |       |       |       |     3 |    11 |     1 |       |     7 ||    22
       Simulacrum        |       |       |       |       |       |    10 |    76 |    10 |    41 ||   137
       Borgnjor's Vile C |       |       |       |       |       |       |    59 |    49 |    95 ||   203
       Statue Form       |       |       |       |       |       |       |    34 |    51 |    97 ||   182
       Dispel Undead     |       |       |       |       |       |       |       |    12 |    35 ||    47
       Iron Shot         |       |       |       |       |       |       |       |       |    18 ||    18
       Deflect Missiles  |       |       |       |       |       |       |       |       |    10 ||    10
       Passwall          |       |       |       |       |       |       |       |       |     4 ||     4
       Apportation       |       |       |       |       |       |       |       |       |     2 ||     2
Invok: Receive Corpses   |       |       |       |     2 |     3 |     2 |    24 |     2 |    23 ||    56
       Brand Weapon With |       |       |       |       |       |     1 |       |       |       ||     1
 Abil: End Transformatio |       |       |       |       |       |       |     1 |       |    10 ||    11
Evoke: Wand              |       |     2 |     1 |     7 |    11 |    24 |     5 |       |    33 ||    83
       Phial of floods   |       |       |       |       |     2 |     2 |       |       |       ||     4
       Phantom mirror    |       |       |       |       |       |     1 |       |       |       ||     1
  Use: Scroll            |       |     8 |    11 |     6 |    11 |    13 |    19 |     3 |    43 ||   114
       Potion            |       |       |       |       |     3 |     7 |     2 |       |    31 ||    43
 Stab: Sleeping          |     1 |     2 |     2 |     3 |     4 |       |     7 |     5 |     7 ||    31
       Distracted        |       |       |       |     1 |     3 |       |     3 |     5 |     8 ||    20
       Paralysed         |       |       |       |       |       |       |     4 |       |     5 ||     9
       Confused          |       |       |       |       |       |       |     1 |       |       ||     1
  Eat: Chunk             |     4 |    11 |    17 |    35 |    72 |    63 |    65 |    61 |    78 ||   406
       Ration            |       |       |     2 |     2 |    12 |    20 |    10 |     3 |    26 ||    75
Armor: Robe              |    15 |    16 |    34 |    77 |   146 |   125 |    74 |    31 |    99 ||   617
       Leather armour    |       |       |     3 |       |       |       |       |       |       ||     3
       Skin              |       |       |       |       |       |       |   182 |   263 |   712 ||  1157
Dodge: Dodged            |    56 |    45 |   115 |   271 |   570 |   524 |   723 |   651 |  1537 ||  4492
       Deflected         |       |       |       |       |       |       |       |       |    62 ||    62
Block: Buckler           |       |       |       |    22 |   121 |    25 |   229 |       |       ||   397
       Shield            |       |       |       |       |       |       |    31 |   586 |  1433 ||  2050
       Reflection        |       |       |       |       |       |       |     4 |    42 |     4 ||    50
       Rpst.: Scimitar   |       |       |       |    34 |       |       |       |       |       ||    34

Table legend:
 A = Non-vault XP
 B = Vault XP
 C = Vault XP percentage of total XP
 D = Non-vault monster count
 E = Vault monster count
 F = Vault count percentage of total count
                 A         B        C        D         E       F
            +---------+---------+-------+---------+---------+-------
      Total |  802904 |  775801 |  49.1 |    1419 |     977 |  40.8
            +---------+---------+-------+---------+---------+-------
        D:1 |      57 |       0 |   0.0 |      24 |       0 |   0.0
        D:2 |     115 |      37 |  24.3 |      21 |       1 |   4.5
        D:3 |      84 |      37 |  30.6 |      20 |       1 |   4.8
        D:4 |     107 |     583 |  84.5 |       8 |       4 |  33.3
        D:5 |     670 |       0 |   0.0 |      25 |       0 |   0.0
        D:6 |     321 |      94 |  22.7 |       9 |       1 |  10.0
        D:7 |    1111 |     596 |  34.9 |      22 |       2 |   8.3
        D:8 |     790 |    1231 |  60.9 |      14 |       6 |  30.0
        D:9 |    2305 |     198 |   7.9 |      28 |       1 |   3.4
       D:10 |    2200 |    3578 |  61.9 |      30 |       7 |  18.9
       D:11 |    2480 |    1469 |  37.2 |      40 |      19 |  32.2
       D:12 |    3819 |     185 |   4.6 |      18 |       1 |   5.3
       D:13 |   13682 |    8267 |  37.7 |      50 |      45 |  47.4
       D:14 |    8664 |     839 |   8.8 |      27 |       1 |   3.6
       D:15 |   10756 |    3610 |  25.1 |      32 |       7 |  17.9
     Lair:1 |    4165 |     276 |   6.2 |      24 |       3 |  11.1
     Lair:2 |    3827 |     229 |   5.6 |      20 |       1 |   4.8
     Lair:3 |    5599 |     221 |   3.8 |      34 |       1 |   2.9
     Lair:4 |    4325 |    1059 |  19.7 |      20 |       7 |  25.9
     Lair:5 |    4748 |     985 |  17.2 |      21 |      14 |  40.0
     Lair:6 |    4249 |    9397 |  68.9 |      20 |      22 |  52.4
    Swamp:1 |    9619 |    4636 |  32.5 |      27 |       2 |   6.9
    Swamp:2 |   10893 |    2234 |  17.0 |      26 |       6 |  18.8
    Swamp:3 |    7677 |    6025 |  44.0 |      32 |       8 |  20.0
    Swamp:4 |   11609 |   11317 |  49.4 |      35 |      28 |  44.4
    Snake:1 |    9087 |    1875 |  17.1 |      16 |       4 |  20.0
    Snake:2 |    9526 |    1682 |  15.0 |      19 |       5 |  20.8
    Snake:3 |   18459 |    7328 |  28.4 |      34 |       5 |  12.8
    Snake:4 |   16767 |   25136 |  60.0 |      36 |      43 |  54.4
    Slime:1 |    2925 |       0 |   0.0 |       6 |       0 |   0.0
    Slime:2 |   12673 |       0 |   0.0 |      11 |       0 |   0.0
    Slime:3 |    6891 |       0 |   0.0 |      16 |       0 |   0.0
    Slime:4 |   12199 |       0 |   0.0 |      16 |       0 |   0.0
    Slime:5 |    9593 |   29594 |  75.5 |      23 |      13 |  36.1
      Orc:1 |     868 |    3142 |  78.4 |      11 |      27 |  71.1
      Orc:2 |     893 |   16384 |  94.8 |       1 |     129 |  99.2
      Elf:1 |   10469 |   13965 |  57.2 |      18 |      18 |  50.0
      Elf:2 |    7298 |   28090 |  79.4 |      14 |      32 |  69.6
      Elf:3 |   18806 |   30344 |  61.7 |      29 |      21 |  42.0
   Vaults:1 |   26468 |   13012 |  33.0 |      55 |      25 |  31.2
   Vaults:2 |   34582 |   29756 |  46.2 |      55 |      45 |  45.0
   Vaults:3 |   28740 |   12376 |  30.1 |      37 |      17 |  31.5
   Vaults:4 |   32063 |   14553 |  31.2 |      68 |      14 |  17.1
   Depths:1 |   30449 |    4658 |  13.3 |      32 |       4 |  11.1
   Depths:2 |       0 |   96474 | 100.0 |       0 |      95 | 100.0
   Depths:3 |   20694 |  125689 |  85.9 |      24 |     100 |  80.6
   Depths:4 |   50831 |    3737 |   6.8 |      57 |      10 |  14.9
   Depths:5 |   40076 |   29340 |  42.3 |      39 |      16 |  29.1
      Zot:1 |   48504 |   60818 |  55.6 |      28 |      46 |  62.2
      Zot:2 |   83628 |       0 |   0.0 |      50 |       0 |   0.0
      Zot:3 |   44622 |    1834 |   3.9 |      37 |       2 |   5.1
      Zot:4 |   52326 |    8435 |  13.9 |      30 |       2 |   6.2
      Zot:5 |   59595 |  145784 |  71.0 |      30 |      41 |  57.7
    Ossuary |       0 |     193 | 100.0 |       0 |      16 | 100.0
      IceCv |       0 |   10190 | 100.0 |       0 |      51 | 100.0
    Volcano |       0 |    4309 | 100.0 |       0 |       8 | 100.0
            +---------+---------+-------+---------+---------+-------
